 Dungeon Crawl Stone Soup version 0.27-a0-1590-g15f69828bf (webtiles) character file.

Game seed: 9206356160357416713

18 quinnr the Gusty (level 2, 0/15 HPs)
             Began as a Tengu Air Elementalist on July 18, 2021.
             Slain by an adder (4 damage)
             ... on level 2 of the Dungeon.
             The game lasted 00:02:53 (1133 turns).

quinnr the Gusty (Tengu Air Elementalist)           Turns: 1133, Time: 00:02:54

Health: 0/15       AC:  2    Str:  8    XL:     2   Next: 70%
Magic:  5/6        EV: 12    Int: 15    God:
Gold:   37         SH:  0    Dex: 14    Spells: 4/5 levels left

rFire    . . .     SeeInvis .   i - +1 dagger (freeze)
rCold    . . .     Faith    .   (no shield)
rNeg     . . .     Spirit   .   a - +0 robe
rPois    .         Reflect  .   (helmet restricted)
rElec    .         Harm     .   h - scarf {+Inv}
rCorr    .         Rampage  .   (no gloves)
Will     .....                  (boots unavailable)
Stlth    ++........             (no amulet)
HPRegen  0.05/turn              (no ring)
MPRegen  0.10/turn              (no ring)

@: lethally poisoned (0 -> -4)
A: beak, talons 3
a: Evoke Invisibility


You were on level 2 of the Dungeon.
You visited 1 branch of the dungeon, and saw 2 of its levels.

You collected 37 gold pieces.

Inventory:

Hand Weapons
 i - a +1 dagger of freezing (weapon)
Armour
 a - a +0 robe (worn)
 h - a scarf of invisibility (worn)
Scrolls
 c - 2 scrolls of identify {unknown}
 d - a scroll of summoning {unknown}
 e - a scroll of silence {unknown}
 j - a scroll of enchant weapon {unknown}
Potions
 b - a potion of magic {unknown}
 f - a potion of heal wounds {unknown}
 g - 2 potions of degeneration {unknown}


   Skills:
 - Level 2.1 Dodging
 - Level 2.0 Stealth
 - Level 2.0 Spellcasting
 - Level 1.3 Conjurations
 * Level 5.2 Air Magic


You had 4 spell levels left.
You knew the following spells:

 Your Spells              Type           Power      Damage    Failure   Level
a - Shock                 Conj/Air       44%        1d5       6%          1

Your spell library contained the following spells:

 Spells                   Type           Power      Damage    Failure   Level
 Swiftness                Air            17%        N/A       8%          3
 Static Discharge         Conj/Air       11%        N/A       9%          2
 Airstrike                Air            8%         N/A       26%         4


Dungeon Overview and Level Annotations

Branches:
Dungeon (2/15)

Altars:


Innate Abilities, Weirdness & Mutations

You have a beak for a mouth.
You have claws for feet.


Message History

You kill the ball python!
You can't see any susceptible monsters within range! (Use Z to cast anyway.) Done exploring.
(D) Dungeon
Where to? (? - help)
There is a stone staircase leading down here.
You climb downwards.
There is a stone staircase leading up here.
A ball python is nearby!
The zap hits the ball python.
The ball python is moderately wounded.
The ball python hisses angrily.
Unknown command.
You hit the ball python.
The ball python seems to slow down.
You freeze the ball python.
You kill the ball python!
You can't see any susceptible monsters within range! (Use Z to cast anyway.) Magic restored.
An adder comes into view.
The adder bites you.
The zap hits the adder.
The adder is heavily wounded.
The adder bites you.
An endoplasm comes into view.
Unknown command.
You miss the adder.
The endoplasm quivers.
Your kick misses the adder.
The adder is heavily wounded.
The adder bites you.
You barely miss the adder. You claw the adder.
The adder is heavily wounded.
The adder bites you.
You are lethally poisoned!
The adder poisons you!
You hit the adder but do no damage.
The adder is heavily wounded.
* * * LOW HITPOINT WARNING * * *
You feel sick. The adder bites you.
You die...

###. ########.# #.#...
.........# #.#.#.
#######..# #.#.# # #..#
#.#.# .# #..#
#.#.###.######..#
#.#.#...#.......#
#.######.#.#S#.#.####.##
#.....J....@.....# #.#
#.######.############.#
#..............#
################


You could see an adder and an endoplasm.

Vanquished Creatures
  A dart slug (D:1)
  2 ball pythons
  An endoplasm (D:1)
  2 giant cockroaches (D:1)
  2 goblins (D:1)
  A hobgoblin (D:1)
  A quokka (D:1)
  3 bats (D:1)
  A kobold (D:1)
  A rat (D:1)
15 creatures vanquished.

Notes
Turn   | Place    | Note
-------+----------+-------------------------------------------
     0 | D:1      | quinnr the Tengu Air Elementalist began the quest for the
                  | Orb.
     0 | D:1      | Reached XP level 1. HP: 10/10 MP: 4/4
     0 | D:1      | Upgraded the game from 0.27-a0-1579-g97d2440184 to
                  | 0.27-a0-1590-g15f69828bf
   286 | D:1      | Reached XP level 2. HP: 15/15 MP: 4/6
   308 | D:1      | Found a faded altar of an unknown god.
   500 | D:1      | Reached skill level 5 in Air Magic
  1133 | D:2      | Slain by an adder

Illustrated notes

Levels and vault maps discovered:
D:1:      sevenhm_arrival_forest_fort_small_4, layout_loops_ring,
          ebering_ecumenical_altar_box
D:2:      layout_basic, dk_vineyard_2, uniq_robin

Skill      XL: |  1  2 |
---------------+-------+-----
Air Magic      | 5 |  5.2
Dodging        | |  2.1
Stealth        | |  2.0
Spellcasting   | |  2.0
Conjurations   | |  1.3

Action                   || total
-------------------------++-------
Melee: Dagger            ||     4
       Kick              ||     1
 Cast: Shock             ||    35
Armor: Robe              ||     2
Dodge: Dodged            ||     4

Table legend: (Time is in decaauts)
 A = Elapsed time spent in this place.
 B = Non-inter-level travel time spent in this place.
 C = Inter-level travel time spent in this place.
 D = Time resting spent in this place.
 E = Time spent auto-exploring this place.
 F = Levels seen in this place.
 G = Mean time per level.
                   A        B        C        D        E       F      G
               +--------+--------+--------+--------+--------+-----+--------+
         Total |   1142 |   1119 |     23 |     11 |   1001 |   2 |  571.0 |
       Dungeon |   1142 |   1119 |     23 |     11 |   1001 |   2 |  571.0 |
               +--------+--------+--------+--------+--------+-----+--------+

Top non-repeatable levels by time:
     D:1: 1081 daAuts
     D:2: 60 daAuts
